 Dungeon Crawl Stone Soup version 0.30.1-9-gdf580d7c3d (webtiles) character file.

Game seed: 13124678802036870695

4144 arthad the Chiller (level 10, -11/78 HPs)
             Began as a Ghoul Ice Elementalist on Sept 30, 2023.
             Was a Priest of Yredelemnul.
             Mangled by a vault guard
             ... wielding a +0 broad axe
              (17 damage)
             ... in a bailey.
             The game lasted 00:25:04 (7651 turns).

arthad the Chiller (Ghoul Ice Elementalist)         Turns: 7651, Time: 00:25:05

Health: -11/78     AC:  2    Str: 13    XL:     10   Next: 27%
Magic:  6/16       EV: 18    Int: 14    God:    Yredelemnul [***...]
Gold:   382        SH:  0    Dex:  9    Spells: 11/18 levels left

rFire   x . .        c - +1 dagger (drain)
rCold   + + .        (no shield)
rNeg    + + +        L - +0 robe {Will+}
rPois   ∞            (no helmet)
rElec   .            (no cloak)
rCorr   .            (no gloves)
SInv    .            (no boots)
Will    +....        (no amulet)
Stlth   +++          N - ring of ice
HPRegen 0.00/turn    e - +5 ring of evasion
MPRegen 0.15/turn

%: no passive effects
@: inhibited regen
A: claws 1, cold resistance 1, negative energy resistance 3, inhibited
regeneration, torment resistance 2, devour on kill
a: Renounce Religion, Recall Undead Harvest, Dark Bargain


You were in a bailey.
You worshipped Yredelemnul.
Yredelemnul was noncommittal.
You visited 1 branch of the dungeon, and saw 7 of its levels.
You also visited: Bailey.

You collected 382 gold pieces.

Inventory:

Hand Weapons
 b - a +6 flail of protection
 c - a +1 dagger of draining (weapon)
 v - a +1 hammer of protection
 Q - a +0 broad axe
Missiles
 i - 32 poisoned darts
Armour
 a - a +0 robe
 y - a scarf of harm
 L - a +0 robe of willpower (worn)
Magical Staves
 D - a staff of conjuration
Jewellery
 d - a ring of resist corrosion
 e - a +5 ring of evasion (right claw)
 n - a +6 ring of dexterity
 q - a ring of protection from fire
 z - a +4 ring of protection
 F - a ring of fire
 N - a ring of ice (left claw)
Wands
 C - a wand of quicksilver (7)
 E - a wand of flame (11)
 G - a wand of roots (6)
Scrolls
 f - 3 scrolls of fear
 h - 5 scrolls of teleportation
 k - a scroll of amnesia
 m - 3 scrolls of fog
 o - 3 scrolls of enchant armour
 p - 3 scrolls of enchant weapon
 r - 2 scrolls of immolation
 t - a scroll of vulnerability
 w - a scroll of torment {unknown}
 x - 2 scrolls of summoning
 I - a scroll of silence
 J - a scroll of magic mapping
 M - 3 scrolls of poison
 R - a scroll of blinking {unknown}
Potions
 g - 2 potions of invisibility
 j - 3 potions of might
 l - a potion of curing {unknown}
 s - a potion of resistance {unknown}
 u - a potion of flight {unknown}
 A - 2 potions of mutation {unknown}
 B - a potion of heal wounds {unknown}
 H - 3 potions of berserk rage
 K - 4 potions of cancellation
 O - a potion of lignification {unknown}
 P - a potion of brilliance {unknown}


   Skills:
 + Level 4.1 Fighting
 - Level 0.2 Armour
 * Level 5.3 Dodging
 * Level 7.1 Stealth
 + Level 3.9 Unarmed Combat
 * Level 4.9 Spellcasting
 * Level 4.5 Summonings
 + Level 3.2 Necromancy
 * Level 7.6 Ice Magic
 * Level 4.1 Invocations


You had 11 spell levels left.
You knew the following spells:

 Your Spells              Type           Power      Damage    Failure   Level
a - Freeze                Ice            100%       1d10      1%          1
b - Frozen Ramparts       Ice            74%        1d12      2%          3
c - Ozocubu's Armour      Ice            37%        N/A       2%          3

Your spell library contained the following spells:

 Spells                   Type           Power      Damage    Failure   Level
 Summon Small Mammal      Summ           64%        N/A       2%          1
 Necrotise                Necr           48%        1d6       4%          1
 Summon Ice Beast         Ice/Summ       30%        N/A       14%         4
 Apportation              Tloc           6%         N/A       19%         1
 Sting                    Tmut/Pois      12%        1d3       19%         1
 Poisonous Vapours        Pois/Air       6%         N/A       26%         2
 Olgreb's Toxic Radiance  Pois           3%         N/A       87%         4
 Alistair's Intoxication  Tmut/Pois      2%         N/A       99%         5
 Discord                  Hex            1%         N/A       100%        8
 Ignition                 Fire           1%         3d3       100%        8


Dungeon Overview and Level Annotations

Branches:
Dungeon (7/15)             Temple (0/1) D:5          Bailey (1/1)

Altars:
Gozag
Hepliaklqana
Ru
Sif Muna
Trog
Vehumet
Wu Jian
Yredelemnul

Shops:
D:4 *   D:5 (

Annotations:
D:2 1 runed translucent door, Crazy Yiuf


Innate Abilities, Weirdness & Mutations

You are immune to poison.
You have sharp fingernails.
Your flesh is cold resistant. (rC+)
You are immune to negative energy. (rN+++)
You do not regenerate when monsters are visible.
You are immune to unholy pain and torment.
You thrive by killing the living.


Message History

The vault guard barely misses your bullfrog zombie.
You feel a surge of power!
You freeze the vault guard!
The vault guard is moderately wounded.
Your bullfrog zombie hits the vault guard but does no damage.
The wall freezes the vault guard but does no damage.
The vault guard hits you with a +0 broad axe!
The vault guard hits your bullfrog zombie with a +0 broad axe!
You feel a surge of power!
You freeze the vault guard.
The vault guard is heavily wounded.
Your bullfrog zombie hits the vault guard.
Your bullfrog zombie closely misses the vault guard.
The wall freezes the vault guard!
The vault guard completely misses you.
The vault guard hits your bullfrog zombie with a +0 broad axe!
Your bullfrog zombie is destroyed!
You feel a surge of power!
You freeze the vault guard.
The vault guard is severely wounded.
The wall freezes the vault guard but does no damage.
The vault guard hits you with a +0 broad axe!
You are too injured to fight recklessly!
Your frozen ramparts will break if you move.
Continue?
Okay, then.
Unknown command.
Aiming: Freeze (safe; 1% risk of failure)
Press: ? - help, Q - select action, (/) - cycle Shift-Dir - straight line, f/p - vault guard
Aim: a vault guard, wielding a +0 broad axe and wearing a +0 plate armour (severely wounded, ally target)
You feel a surge of power!
You freeze the vault guard.
The vault guard is severely wounded.
The frozen ramparts melt away.
The vault guard hits you with a +0 broad axe!!
* * * LOW HITPOINT WARNING * * *
You fade into invisibility!
The vault guard hits you with a +0 broad axe.
* * * LOW HITPOINT WARNING * * *
It was a potion of cancellation.
Your magical effects are unravelling.
You feel magically purged.
You flicker back into view.
The vault guard hits you with a +0 broad axe!
You die...
Yredelemnul claims you as an undead slave.

#≈~).≈#..'..)
#≈~.Z≈####...
####≈~Z≈##≈##..
#~.$#≈~.~≈≈~≈#..
~..?#≈~..~~~≈##.
##~..##≈~...~~~≈#.
#~..~#≈~....~~~≈##
#p.~##≈~...~~~~≈#
#@###≈~...~.~~~≈#
#ZZ≈≈~......~~~≈#
##ZZ..~....~~~≈##
#~~~.......~~≈#
##~~~##[##~~≈##
##~##zZZ##≈##
###Z....###
#..∩..# #.....#


You could see a vault guard (ally target), 2 friendly bullfrog zombies, a
friendly human zombie and a friendly vault guard zombie.

Vanquished Creatures
  A vault guard (Bailey)
  Grinder (D:4)
  2 humans (Bailey)
  Edmund (D:4)
  Duvessa (D:6)
  3 ogres
  A kobold brigand (D:6)
  A phantom (D:5)
  13 bullfrogs (Bailey)
  Blork the orc (D:5)
  Dowan (D:6)
  2 howler monkeys (D:6)
  6 hounds
  2 jellies (D:6)
  An orc priest (D:6)
  Jessica (D:2)
  7 iguanas
  Natasha (twice) (D:4)
  6 orc wizards
  3 gnolls (D:6)
  7 adders
  An ufetubus (D:6)
  A worm (D:2)
  A dart slug (D:3)
  13 orcs
  8 ball pythons
  3 bats (D:1)
  7 endoplasms
  6 giant cockroaches
  17 goblins
  6 hobgoblins
  9 jackals
  11 kobolds
  3 quokkas
  6 frilled lizards
  4 rats
159 creatures vanquished.

Vanquished Creatures (collateral kills)
  Prince Ribbit (Bailey)
  A human (Bailey)
  A phantom (D:6)
  2 bullfrogs (Bailey)
  An orc wizard (D:5)
  A gnoll (D:6)
  2 kobolds (D:6)
9 creatures vanquished.

Vanquished Creatures (others)
  A wizard (D:4)
  5 bullfrog zombies (Bailey)
  A human zombie (Bailey)
  An ogre zombie (D:6)
  A howler monkey zombie (D:6)
  An elf zombie (D:6)
  A gnoll zombie (D:6)
11 creatures vanquished.

Grand Total: 179 creatures vanquished

Notes
Turn   | Place    | Note
-------+----------+-------------------------------------------
     0 | D:1      | arthad the Ghoul Ice Elementalist began the quest for the
                  | Orb.
     0 | D:1      | Reached XP level 1. HP: 14/14 MP: 2/2
   213 | D:1      | Reached XP level 2. HP: 19/20 MP: 0/3
   693 | D:1      | Reached XP level 3. HP: 27/27 MP: 1/5
   993 | D:2      | Reached skill level 1 in Fighting
  1255 | D:2      | Reached XP level 4. HP: 20/35 MP: 0/6
  1381 | D:2      | Noticed Jessica
  1401 | D:2      | Killed Jessica
  1402 | D:2      | Reached skill level 1 in Unarmed Combat
  1509 | D:2      | Found a runed translucent door.
  1510 | D:2      | Noticed Crazy Yiuf
  1606 | D:2      | Found a faded altar of an unknown god.
  2168 | D:3      | Learned a level 3 spell: Frozen Ramparts
  2172 | D:3      | Learned a level 3 spell: Ozocubu's Armour
  2457 | D:3      | Reached XP level 5. HP: 40/40 MP: 7/7
  2992 | D:4      | Found a basalt altar of Yredelemnul.
  2992 | D:4      | Found a sacrificial altar of Ru.
  2993 | D:4      | Found an ornate altar of the Wu Jian Council.
  3007 | D:4      | Found a radiant altar of Vehumet.
  3267 | D:4      | Reached skill level 5 in Ice Magic
  3391 | D:4      | Reached skill level 1 in Summonings
  3500 | D:4      | Reached XP level 6. HP: 48/48 MP: 4/8
  3590 | D:4      | Found Suudaix's General Store.
  3676 | D:4      | Noticed Grinder
  3743 | D:4      | Killed Grinder
  3744 | D:4      | Reached skill level 1 in Necromancy
  3744 | D:4      | Reached XP level 7. HP: 25/55 MP: 0/10
  4030 | D:4      | Found a hazy altar of Hepliaklqana.
  4071 | D:4      | Noticed Edmund
  4173 | D:4      | Killed Edmund
  4347 | D:4      | Noticed Natasha
  4357 | D:4      | Killed Natasha
  4571 | D:4      | Found a bloodstained altar of Trog.
  4574 | D:4      | Noticed a wizard
  4580 | D:4      | Killed a wizard
  4613 | D:4      | Noticed Natasha
  4623 | D:4      | Killed Natasha
  5007 | D:4      | Became a worshipper of Yredelemnul the Dark
  5085 | D:5      | Entered Level 5 of the Dungeon
  5419 | D:5      | Found a staircase to the Ecumenical Temple.
  5457 | D:5      | Reached XP level 8. HP: 62/62 MP: 7/12
  5498 | D:5      | Noticed Blork the orc
  5502 | D:5      | Killed Blork the orc
  5503 | D:5      | Reached * piety under Yredelemnul
  5642 | D:5      | Reached ** piety under Yredelemnul
  5792 | D:5      | Found Gigynk's Weapon Boutique.
  5920 | D:5      | Reached skill level 5 in Stealth
  6047 | D:6      | Noticed Dowan
  6056 | D:6      | Noticed Duvessa
  6064 | D:6      | Killed Duvessa
  6065 | D:6      | Reached skill level 1 in Invocations
  6067 | D:6      | Killed Dowan
  6082 | D:6      | Your ally Dowan died
  6262 | D:6      | Found a shimmering blue altar of Sif Muna.
  6342 | D:6      | Found an opulent altar of Gozag.
  6537 | D:6      | Reached XP level 9. HP: 55/70 MP: 6/14
  7080 | D:7      | Found a flagged portal.
  7092 | Bailey   | Entered a bailey
  7401 | Bailey   | Reached *** piety under Yredelemnul
  7405 | Bailey   | Reached skill level 5 in Dodging
  7406 | Bailey   | Reached **** piety under Yredelemnul
  7409 | Bailey   | Reached ***** piety under Yredelemnul
  7510 | Bailey   | Noticed Prince Ribbit
  7510 | Bailey   | Noticed a vault guard
  7521 | Bailey   | Killed Prince Ribbit
  7522 | Bailey   | Reached XP level 10. HP: 77/78 MP: 9/16
  7527 | Bailey   | Killed a vault guard
  7639 | Bailey   | Noticed a vault guard
  7651 | Bailey   | Mangled by a vault guard

Illustrated notes

Levels and vault maps discovered:
D:1:      onia_arrival_mini_maze, layout_rooms, minmay_split_cup_large
D:2:      layout_rooms, nicolae_ecumenical_lake_church, uniq_crazy_yiuf_cottage,
          uniq_jessica
D:3:      layout_loops_corners, serial_bayou_ford_a
D:4:      layout_gridville, amcnicky_altar_gilded, trog_wizard,
          nicolae_overflow_quartered_altars, serial_shops, shop,
          chequers_arboretum, minmay_unequal, uniq_natasha, uniq_edmund,
          uniq_grinder
D:5:      layout_gridville, tso_altar, minmay_temple_entry_sparse_star,
          serial_shops, shop, uniq_blork_the_orc
D:6:      layout_basic, nicolae_sif_muna_condensation,
          nicolae_overflow_hidden_temple, uniq_duvessa
D:7:      layout_basic, enter_bailey_3, minmay_liquid_box,
          lightli_corner_chamber
Bailey:   bailey_axe_froggy_fort_hellmonk, bailey

Skill      XL: |  1  2  3  4  5  6  7  8  9 10 |
---------------+-------------------------------+-----
Spellcasting   | 2 3 4 |  4.9
Dodging        | 2 3 4 5 |  5.3
Fighting       | 1 2 3 4 |  4.1
Stealth        | 3 4 5 6 7 |  7.1
Unarmed Combat | 1 2 3 |  3.9
Ice Magic      | 5 6 7 |  7.6
Summonings     | 1 2 3 4 |  4.5
Necromancy     | 1 2 3 |  3.2
Invocations    | 2 3 4 |  4.1
Armour         | |  0.2

Action                     |  1- 3 |  4- 6 |  7- 9 | 10-12 || total
---------------------------+-------+-------+-------+-------++-------
  Melee: Unarmed           |    29 |       |       |       ||    29
         Dagger            |    16 |    29 |    58 |       ||   103
  Throw: Dart              |       |     3 |     2 |       ||     5
   Cast: Freeze            |    43 |    72 |   148 |    13 ||   276
         Frozen Ramparts   |       |     5 |    14 |     1 ||    20
         Ozocubu's Armour  |       |     1 |     3 |       ||     4
 Invoke: Recall Undead Har |       |       |     2 |       ||     2
         Dark Bargain      |       |       |       |     1 ||     1
  Evoke: Wand              |       |     3 |     5 |       ||     8
    Use: Scroll            |       |       |    16 |       ||    16
         Potion            |       |       |     1 |     2 ||     3
   Stab: Sleeping          |     2 |     8 |     6 |       ||    16
         Distracted        |       |       |     1 |       ||     1
 Armour: Robe              |     8 |    10 |    12 |       ||    30
  Dodge: Dodged            |    43 |    67 |   124 |     8 ||   242
